 Dungeon Crawl Stone Soup version 0.20.1-1-g8b1a95d (webtiles) character file.

46 raph the Cutter (level 3, 0/24 HPs)
             Began as a Halfling Skald on Aug 31, 2017.
             Slain by a worm (10 damage)
             ... on level 2 of the Dungeon.
             The game lasted 00:02:22 (1288 turns).

raph the Cutter (Halfling Skald)                    Turns: 1288, Time: 00:02:23

Health: 0/24       AC:  3    Str: 12    XL:     3   Next: 92%
Magic:  0/5        EV: 14    Int: 11    God:
Gold:   18         SH:  0    Dex: 14    Spells: 0/5 levels left

rFire    . . .     SeeInvis .   a - +0 short sword
rCold    . . .     Gourm    .   (shield restricted)
rNeg     . . .     Faith    .   b - +0 leather armour
rPois    .         Spirit   .   (no helmet)
rElec    .         Reflect  .   (no cloak)
rCorr    .         Harm     .   (no gloves)
MR       .....                  (no boots)
Stlth    ++........             (no amulet)
Regen    0.1/turn               m - ring of stealth
MPRegen  0.1/turn               (no ring)

@: infused (expiring)
A: mutation resistance 1
a: no special abilities


You were on level 2 of the Dungeon.
You were not hungry.

You visited 1 branch of the dungeon, and saw 2 of its levels.

You collected 18 gold pieces.

Inventory:

Hand Weapons
 a - a +0 short sword (weapon)
Armour
 b - a +0 leather armour (worn)
Jewellery
 m - a ring of stealth (left hand)
Wands
 l - a wand of polymorph (14/24)
Scrolls
 e - a scroll of noise {unknown}
 f - a scroll of teleportation {unknown}
 j - a scroll of identify {unknown}
 n - a scroll of remove curse {unknown}
Potions
 h - a potion of heal wounds {unknown}
 i - a potion of curing {unknown}
Books
 c - a book of Battle

   Spells                             Type                      Level
   a - Infusion                       Charms                       1
   b - Shroud of Golubria             Charms/Translocation         2
   c - Song of Slaying                Charms                       2
   d - Spectral Weapon                Hexes/Charms                 3
   e - Regeneration                   Charms/Necromancy            3
Comestibles
 d - a bread ration
 g - 3 fruits
 k - 2 chunks of flesh


   Skills:
 + Level 2.1 Fighting
 * Level 3.4 Short Blades
 + Level 1.4 Armour
 + Level 2.4 Dodging
 + Level 0.2 Stealth
 - Level 1.9 Spellcasting
 + Level 3.4 Charms


You couldn't memorise any spells.
You knew the following spells:

 Your Spells              Type           Power        Failure   Level  Hunger
a - Infusion              Chrm           #...         10%         1    ##.....
b - Song of Slaying       Chrm           #.......     14%         2    ###....
c - Shroud of Golubria    Chrm/Tloc      #.........   28%         2    ###....


Dungeon Overview and Level Annotations

Branches:
Dungeon (2/15)

Altars:


Innate Abilities, Weirdness & Mutations

You are small and have problems with some larger weapons.
You are somewhat resistant to further mutation.


Message History

You hit the worm.
The worm is heavily wounded.
The worm bites you.
You barely miss the worm.
The worm is moderately wounded.
You barely miss the worm.
The worm is moderately wounded.
The worm bites you!
You hit the worm.
The worm is heavily wounded.
Your magical infusion is running out.
You barely miss the worm.
The worm is heavily wounded.
The worm bites you but does no damage.
You hit the worm.
The worm is severely wounded.
You hit the worm.
The worm is severely wounded.
The worm bites you!
You die...

#....##.## #.........
#.#......... ..#
#.#......... ..#
#.#......... # #.#
#.#......... .# #.#
#........... .#
#.########...@w.....# .#
#.#.................. .#
#.#..................
.###.#..................
......^.................
.....###...###....###..[
.....# #...# #....# ###
....## #...########
....# #.......#


You could see a worm.

Vanquished Creatures
  An ooze (D:1)
  A dart slug (D:1)
  3 leopard geckos
  2 giant cockroaches
  7 goblins
  5 hobgoblins
  3 kobolds (D:1)
  4 bats (D:1)
  3 frilled lizards
  6 rats (D:1)
35 creatures vanquished.

Notes
Turn   | Place    | Note
-------+----------+-------------------------------------------
     0 | D:1      | raph the Halfling Skald began the quest for the Orb.
     0 | D:1      | Reached XP level 1. HP: 14/14 MP: 3/3
    42 | D:1      | Reached XP level 2. HP: 14/19 MP: 0/4
   243 | D:1      | Learned a level 2 spell: Song of Slaying
   372 | D:1      | Reached XP level 3. HP: 24/24 MP: 5/5
   432 | D:1      | Learned a level 2 spell: Shroud of Golubria
  1288 | D:2      | Slain by a worm

Skill      XL: |  1  2 |
---------------+-------+-----
Short Blades   | 3 |  3.4
Fighting       | 2 |  2.1
Armour         | |  1.4
Dodging        | |  2.4
Stealth        | |  0.2
Spellcasting   | |  1.9
Charms         | |  3.4

Action                   || total
-------------------------++-------
Melee: Short sword       ||   111
 Cast: Infusion          ||     9
  Eat: Chunk             ||     2
Armor: Leather armour    ||    23
Dodge: Dodged            ||    68
